Workbook
Name ____tax1: #REF!
Name ____tax1: #REF!
Name ____tax2: #REF!
Name ____tax2: #REF!
Name ____tax3: #REF!
Name ____tax3: #REF!
Name ____tax4: #REF!
Name ____tax4: #REF!
Name ___tax1: #REF!
Name ___tax1: #REF!
Name ___tax2: #REF!
Name ___tax2: #REF!
Name ___tax3: #REF!
Name ___tax3: #REF!
Name ___tax4: #REF!
Name ___tax4: #REF!
Name __tax1: #REF!
Name __tax1: #REF!
Name __tax2: #REF!
Name __tax2: #REF!
Name __tax3: #REF!
Name __tax3: #REF!
Name __tax4: #REF!
Name __tax4: #REF!
Name _tax1: #REF!
Name _tax1: #REF!
Name _tax2: #REF!
Name _tax2: #REF!
Name _tax3: #REF!
Name _tax3: #REF!
Name _tax4: #REF!
Name _tax4: #REF!
Name _Toc156992825: 'tender req'!$A$1
Name boxes: #REF!
Name boxes: #REF!
Name boxes: #REF!
Name button_area_1: #REF!
Name button_area_1: #REF!
Name button_area_1: #REF!
Name CC: '[1]Customize Your Invoice'!$G$22:$G$25
Name CCT: #REF!
Name CCT: #REF!
Name CCT: #REF!
Name celltips_area: #REF!
Name celltips_area: #REF!
Name celltips_area: #REF!
Name data1: #REF!
Name data1: #REF!
Name data1: #REF!
Name data10: #REF!
Name data10: #REF!
Name data10: #REF!
Name data11: #REF!
Name data11: #REF!
Name data11: #REF!
Name data12: #REF!
Name data12: #REF!
Name data12: #REF!
Name data13: #REF!
Name data13: #REF!

Sheet CP
D11: =+'Bills of Quantities'!A1 -> THABANA PIPE STORE BUILDING EXTENSION
D13: NECSA
D15: BILLS OF QUANTITIES
D17: ANNEXURE A
D19: =+'Bills of Quantities'!F1 -> 45520

Sheet tender req
A1: 1 TENDER REQUIREMENTS
A2: · Submit a complete priced tender Bill of Quantities
A3: · Supply a level 3 Construction Schedule with your tender. (MS Project)
A4: · Supply a full Organogram of personnel for the execution of this work.
A5: · Supply a list of all equipment to be used for the work.
A6: · Appointed Safety officer for the project execution is required.
A7: · Appointed Construction Manager to be on site during execution.
A8: · Supply a quotation for preparation and approval of a safety file
A9: · Supply hourly labour rates for all employees to be involved during construction
A10: · Supply all equipment hourly rates for all equipment to be used during construction
A11: · Supply prices for all consumables to be used during construction
A12: · Supply a price schedule (unit rates) for quantities of material to be used on site e.g. a price of excavating 1m3 of soil, breaking 1m3 of rock or as listed in the tender bill of quantities.
A13: · Supply alternative pricing proposals for different drilling methods of the boreholes such as Auger Drilling, Air Percussion Drilling.

Sheet Pre-Tender
A1: PRINCIPAL BUILDING AGREEMENT: CONTRACT DATA
A4: PROJECT | D4: Thabana Pipe Store Exntension Project
A5: EMPLOYER | D5: South African Nuclear Energy Corporation
A6: CONTRACTOR
A7: CONTRACT DATE
A8: FILE CODE
A11: A | B11: TENDER INFORMATION
A13: A1 | B13: Project name | D13: =D4 -> Thabana Pipe Store Exntension Project
A15: A2 | B15: Works description | D15: Extension of the Thabana Pipestore Facility
A19: A3 | B19: Site Description
B20: Erf No/Township | D20: Pelindaba
B21: Local authority | D21: District of Madibeng
B22: Street address | D22: Church Street West Extension
A24: A4 | B24: Employer
B25: Name | D25: South African Nuclear Energy Corporation
B26: Business (eg: public co.) | D26: 0123054000
B27: Business registration no. | D27: Ref No.2000/003735/06 | E27: VAT/GST
B28: Contact person | D28: Buyani Nsibande | E28: Mobile
B29: E-mail | D29: Buyani.Nsibande@necsa.co.za
B30: Registered str. Address | D30: Church Street West Extension, Pelindaba, District of Madibeng
B31: Postal address | D31: P.O Box 582 Pretoria 0001
E32: Code
B33: Telephone | D33: (012) 3045 4000 | E33: Fax | F33: (012)
A36: A5 | B36: Principal Agent
B37: Name
B38: Practice registration no. | E38: VAT/GST
B39: Contact person | E39: Mobile
B40: E-mail
B41: Registered str. Address
B42: Postal address
E43: Code
B44: Telephone | D44: (012) | E44: Fax | F44: (012)
A47: A6 | B47: Agent
B48: Name
B49: Practice registration no. | E49: VAT/GST | F49: NA
B50: Contact person | E50: Mobile
B51: E-mail
B52: Registered str. Address
B53: Postal address
B54: Telephone
A61: B | B61: CONTRACT DATA
A64: 2 | B64: Law, regulations and notices
A66: 2.1/25.15 | C66: Law of the country applicable to the project | F66: South Africa
F67: (Country/State)
A69: 5 | B69: Contract documents
A71: 5.1 | B71: Signed contract documents held by the principal agent, or | F71: Principal Agent
A72: 5.5 | B72: No. of copies of docs. issued free to the contractor | F72: Three
B74: PRICED DOCUMENT
B75: Lump sum priced document, or | E75: yes/no? | F75: No
B76: Priced BoQ | E76: yes/no? | F76: Yes
B78: System/method of measurement | E78: Standard system for measuring builders work
B80: Contract documents comprising...
B82: Description | E82: Marked? | F82: Notes
B83: JBCC® Principal Building Agreement Ed 6.1 - March 2014 | E83: A
B84: JBCC® PBA Contract Data Ed 6.1 - March 2014 | E84: B
B91: Contract drawings, as on cover page of tender document
B93: Description | D93: Date | E93: Number | F93: Revision
A99: 6 | B99: Employer's agents
A101: 6.3 | B101: Description if interests of agents in the project other than professional
A106: 10 | B106: Insurances
E107: Obligation/Currency
B108: By the employer in the joint names of the parties | E108: (yes/no) | F108: NA
B110: Contract Works Insurance (CWI) (including materials and goods, temporary works) | E110: contract sum | F110: Tender plus 10%
B113: Allowance for professional fees and escalation of the insured value at 25% pa, or ? % | E113: %
B116: Free issue material at new replacement value, added to CWI, where applicable
B119: Employer owned surrounding property (care, custody, control or worked on)
B122: Public Liability Insurance (each and every claim OR unlimited / value ?)
B125: Supplementary Insurance (Incl CWI extensions) | E125: per CWI
B127: Removal of Lateral Support Insurance | E127: employer
B129: Other:
B133: Policy deductibles
C134: Works / free issues | E134: contractor
C135: Employer owned surrounding properties | E135: contractor
C136: Public Liability | E136: contractor
C137: Supplementary Insurance | E137: contractor
C138: Removal of Lateral Support | E138: contractor
C139: Other:
B143: OR…
B145: By the contractor in the joint names of the parties | E145: (yes/no) | F145: Yes
B147: Contract Works Insurance (CWI) (including materials and goods, temporary works) | E147: contract sum | F147: Tender plus 10%
B150: Allowance for professional fees and escalation of the insured value at 25% pa, or ? % | E150: %
B153: Free issue material at new replacement value
B155: Public Liability Insurance (each and every claim OR unlimited for the period | F155: 10000000
B158: Supplementary Insurance (Incl CWI extensions)
B160: Policy deductibles
B162: Other:
A167: 11 | B167: Security
A169: 11.1.1-5 | C169: Contractor shall provide Guarantee for Construction to the employer>D11.2-3 | E169: (yes/no)
A173: 12 | B173: Duties of the parties = employer = site
A175: 9.2.7 | C175: Alterations & additions to existing premises?
A178: 12.1.2 | C178: Premises occupied - yes/no? identify area?
A181: 12.1.3 | C181: Relevant natural features to be retained / relocated / removed
A184: 12.1.4 | C184: Areas the contractor may not occupy?
A187: 12.1.5 | C187: Utilities connections - location
A190: 12.1.6 | C190: Statutory and/or other notices to be complied with by the contractor before possession of site can be given
A194: 12.1.7 | C194: Possession of the site - intended date
F195: Due date / yyyymmdd
A197: 12.1.12 | C197: Description of free issue by employer
C198: (Attach separate page for multiple items)
A201: 14 | C201: Nominated subcontractors
...

Sheet Prelim
A1: =+CP!D19 -> 45520 | C1: =+'Bills of Quantities'!A1 -> THABANA PIPE STORE BUILDING EXTENSION
A2: Sec 1 | C2: =+B7 -> PRELIMINARIES AND GENERAL
A3: No | C3: Description | D3: Unit | E3: Quant | F3: Rate | G3: Fixed | H3: Time | I3: Value
B5: SECTION 1
B7: PRELIMINARIES AND GENERAL
B9: SUPPLEMENTARY NOTES
B11: I) | C11: The agreement and schedule of conditions of building contract are the "Principal Building Agreement" with Bills of Quantities as recommended by the Joint Building Contracts Committee Series 2000 and shall be deemed to be included herein
B12: ii) | C12: The preambles are to be the "Modal Preambles for Trade" 1999 edition and shall be deemed to be included herein
B13: iii) | C13: TENDERERS are referred to the abovementioned documents for the full intent and meaning of each clause thereof (hereinafter referred to by heading and clause number only) for which such allowance must be made as may be considered necessary
B14: iv) | C14: Where standard clauses or alternatives are not entirely applicable to this contract such modifications, corrections or supplements as will apply are given under each relevant clause heading
B15: v) | C15: Where any item is not relevant to this specific contract such item is marked N/A (signifying "not applicable"
B16: vi) | C16: Notwithstanding anything to the contrary contained in any of the contract documents, the provision of the "Preliminaries" as hereafter set forth shall prevail and take precedence
B18: SECTION A: CONDITIONS OF CONTRACT
A20: 1 | B20: DEFINITIONS
A21: =A20 + 1 -> 2 | B21: Definitions and interpretation (clause 1) | D21: Item
A22: =A21 + 1 -> 3 | B22: OBJECTIVE
A23: =A22 + 1 -> 4 | B23: Offer Acceptance and Performance (clause 2) | D23: Item
A24: =A23 + 1 -> 5 | B24: PREPARATION
A25: =A24 + 1 -> 6 | B25: Documents (clause 3) | D25: Item
A26: =A25 + 1 -> 7 | B26: Design Responsibility (clause 4) | D26: Item
A27: =A26 + 1 -> 8 | B27: Employer's Agents (clause 5) | D27: Item
A28: =A27 + 1 -> 9 | B28: Site Representative (clause 6) | D28: Item
A29: =A28 + 1 -> 10 | B29: Compliance with Regulations (clause 7) | D29: Item
A30: =A29 + 1 -> 11 | B30: Works risk (clause 8) | D30: Item
A31: =A30 + 1 -> 12 | B31: Indemnities (clause 9) | D31: Item
A32: =A31 + 1 -> 13 | B32: Works Insurances (clause 10) | D32: Item
A33: =A32 + 1 -> 14 | B33: Liability Insurances (clause 11) | D33: Item
A34: =A33 + 1 -> 15 | B34: Effecting Insurances (clause 12) | D34: Item
A35: =A34 + 1 -> 16 | B35: Insurances - Government Contracts (clause 13) | D35: Item
A36: =A35 + 1 -> 17 | B36: Security (clause 14) | D36: Item
B37: Replace first sentence of 14.2.1 with:
B38: The contractor shall have the right to select the security to be provided in terms of 14.2, 14.3, 14.4 or 14.8 as stated in the schedule.
B41: Add:14.8 Retention
B42: The employer shall retain FIVE percent (5%) of the value of certificate up to a limit of five percent (5%) of the contract amount to the date of practical completion. Two and a half percent (2.5%) of such value after the date of practical completion to, but not including, the date of issue of the final payment certificate. The retention held shall be increased to include any unpaid amount due in the previous certificate to the employer. | D42: Item
A50: =A36 + 1 -> 18 | B50: EXECUTION
A51: =A50 + 1 -> 19 | B51: Preparation for and Execution of the Works (clause 15) | D51: Item
A52: =A51 + 1 -> 20 | B52: Access to the Works (clause 16) | D52: Item
A53: =A52 + 1 -> 21 | B53: Contract Instructions (clause 17) | D53: Item
A54: =A53 + 1 -> 22 | B54: Setting out of the Works (clause 18) | D54: Item
A55: =A54 + 1 -> 23 | B55: Assignment (clause 19) | D55: Item
A56: =A55 + 1 -> 24 | B56: Nominated Subcontractors (clause 20) | D56: Item
A57: =A56 + 1 -> 25 | B57: Selected Subcontractors (clause 21) | D57: Item
A58: =A57 + 1 -> 26 | B58: Work by Others (clause 22) | D58: Item
A59: =A58 + 1 -> 27 | B59: COMPLETION
A60: =A59 + 1 -> 28 | B60: No Clause (clause 23) | D60: Item
A61: =A60 + 1 -> 29 | B61: Practical Completion (clause 24) | D61: Item
A62: =A61 + 1 -> 30 | B62: Works Completion (clause 25) | D62: Item
A63: =A62 + 1 -> 31 | B63: Final Completion (clause 26) | D63: Item
A64: =A63 + 1 -> 32 | B64: Latent Defects Liability Period (clause 27) | D64: Item
A65: =A64 + 1 -> 33 | B65: Sectional Completion (clause 28) | D65: Item
A66: =A65 + 1 -> 34 | B66: Revision of Date for Practical Completion (clause 29) | D66: Item
A67: =A66 + 1 -> 35 | B67: Penalty for non-Completion (clause 30) | D67: Item
A68: =A67 + 1 -> 36 | B68: PAYMENT
A69: =A68 + 1 -> 37 | B69: Interim Payment to the Contractor (clause 31) | D69: Item
A70: =A69 + 1 -> 38 | B70: Adjustments to the Contract Value (clause 32) | D70: Item
A71: =A70 + 1 -> 39 | B71: Recovery of Expense and Loss (clause 33 | D71: Item
A72: =A71 + 1 -> 40 | B72: Final Account and Final Payment (clause 34) | D72: Item
A73: =A72 + 1 -> 41 | B73: Payment to Third Parties (clause 35) | D73: Item
A74: =A73 + 1 -> 42 | B74: CANCELLATION
A75: =A74 + 1 -> 43 | B75: Cancellation by Employer - Contractors Default (clause 36) | D75: Item
A76: =A75 + 1 -> 44 | B76: Cancellation by Employer - Loss or Damage (clause 37) | D76: Item
A77: =A76 + 1 -> 45 | B77: Cancellation by Contractor - Employer Default (clause 38) | D77: Item
A78: =A77 + 1 -> 46 | B78: Cancellation - Cessation of the Works (clause 39) | D78: Item
A79: =A78 + 1 -> 47 | B79: DISPUTE
A80: =A79 + 1 -> 48 | B80: Settlement of Disagreements and Disputes (clause 40) | D80: Item
A81: =A80 + 1 -> 49 | B81: SCHEDULE
A82: =A81 + 1 -> 50 | B82: Pre-tender Information (clause 41) | D82: Item
A83: =A82 + 1 -> 51 | B83: Post-tender Information (clause 41) | D83: Item
B84: SECTION B: PRELIMINARIES
A85: =A83 + 1 -> 52 | B85: Definitions and Interpretation (clause 1) | D85: Item
A86: =A85 + 1 -> 53 | B86: Documents (clause 2) | D86: Item
B87: The Bill of Quantities is compiled in accordance with the method described in The Standard System for Measuring Building Work
B90: The following qualifications have been made:
C91: Arches and vaults in number, corbelling in m
C92: Bills (trades) totals are calculated in the rate column (column E) on the same line as the bill description
C93: Profit on Prime cost items and Profit and Attendance on Budgetary allowances are calculated at the bottom of prime cost or Budgetary allowances, should the tendered whish to price profit and attendance to each item separately, he is welcome
C94: Plumbing, Drainage and Electric are measured per point
C95: Plaster is measured over openings
C96: Prime cost items in one bill
B97: The tender document is available on a excel spreadsheet, the onus however lays on the tenderer to ensure all calculations are done correctly
A98: =A86 + 1 -> 54 | B98: The site (clause 3) | D98: Item
A99: =A98 + 1 -> 55 | B99: Management of Contract (clause 4) | D99: Item
A100: =A99 + 1 -> 56 | B100: Samples and Shop Drawings (clause 5) | D100: Item
A101: =A100 + 1 -> 57 | B101: Temporary Works and Plant (clause 6) | D101: Item
A102: =A101 + 1 -> 58 | B102: Temporary services (clause 7) | D102: Item
B103: Water - Alternative A | D103: Item
B104: Electricity - Alternative A | D104: Item
B105: Telecommunication equipment - Alternative A | D105: Item
B106: Ablution Facilities - Alternative A | D106: Item
A107: =A102 + 1 -> 59 | B107: Prime Cost Amounts (clause 8) | D107: Item
B108: All Prime Cost amounts exclude Value Added Tax
B109: All discounts negotiated by the employer are for the benefit of the employer, should the contractor negotiate additional discounts, it will be for the contractor's benefit
A112: =A107 + 1 -> 60 | B112: Attendance on N/S subcontractors (clause 9) | D112: Item
A113: =A112 + 1 -> 61 | B113: Financial aspects (clause 10) | D113: Item
A114: =A113 + 1 -> 62 | B114: General (clause 11) | D114: Item
A115: =A114 + 1 -> 63 | B115: Schedule of Variables (clause 12) | D115: Item
B116: SECTION C: SPECIFIC PRELIMINARIES
A117: =A115 + 1 -> 64 | B117: Site instruction book | D117: Item
C118: Site instructions must be in writing in an adequate triplicate carbon site book of A4 size which must be kept in the office on site and provided by the Contractor
A119: =+A117+1 -> 65 | B119: Measurements | D119: Item
...

Sheet Bills of Quantities
A1: THABANA PIPE STORE BUILDING EXTENSION | C1: Tariff/m2 | F1: 45520
B2: Profit | E2: 0.05
A3: No | B3: Description | C3: Unit | D3: Quant | E3: Rate | F3: Total
B4: EXISTING AREA | C4: m2 | D4: 375
B5: NEW AREA | C5: m2 | D5: 320
B6: TOTAL AREA | C6: m2 | D6: 695
B8: ="SECTION "&1 -> SECTION 1
B9: PRELIMINARIES AND GENERAL | C9: =E9/SUM(F85:F279) -> 0 | E9: =SUM(F9:F35) -> 0
B10: Herewith a possible breakdown for P&G, please adjust as required | C10: =+E9/$D$6 -> 0 | D10: /m | E10: =E9/D11 -> 0
A11: 1 | B11: Project manager | C11: Mnth | D11: 7 | F11: =ROUND(D11*E11,2) -> 0
A12: =+A11+1 -> 2 | B12: Site agent | C12: Mnth | D12: 7 | F12: =ROUND(D12*E12,2) -> 0
A13: =+A12+1 -> 3 | B13: Foreman | C13: Mnth | D13: 7 | F13: =ROUND(D13*E13,2) -> 0
A14: =+A13+1 -> 4 | B14: Store man | C14: Mnth | D14: 7 | F14: =ROUND(D14*E14,2) -> 0
A15: =+A14+1 -> 5 | B15: Night watch | C15: Mnth | D15: 0 | F15: =ROUND(D15*E15,2) -> 0
A16: =+A15+1 -> 6 | B16: Contractor's office and admin | C16: Mnth | D16: 7 | F16: =ROUND(D16*E16,2) -> 0
A17: =+A16+1 -> 7 | B17: Vehicle and fuel, transport and toll gates | C17: Mnth | D17: 7 | F17: =ROUND(D17*E17,2) -> 0
A18: =+A17+1 -> 8 | B18: Bank costs | C18: Mnth | D18: 7 | F18: =ROUND(D18*E18,2) -> 0
A19: =+A18+1 -> 9 | B19: Security: Cost of guarantee, null if retention | C19: Fixed | D19: 0 | F19: =ROUND(D19*E19,2) -> 0
A20: =+A19+1 -> 10 | B20: Tools | C20: Mnth | D20: 7 | F20: =ROUND(D20*E20,2) -> 0
A21: =+A20+1 -> 11 | B21: Scaffolding | C21: Mnth | D21: 7 | F21: =ROUND(D21*E21,2) -> 0
A22: =+A21+1 -> 12 | B22: Builders water connection | C22: Fixed | D22: 0 | F22: =ROUND(D22*E22,2) -> 0
A23: =+A22+1 -> 13 | B23: Builders electric connection | C23: Fixed | D23: 0 | F23: =ROUND(D23*E23,2) -> 0
... A31: =+A30+1 -> 21 | B31: Site access for all workers. (International passport requires six week clearance and a valid work permit) | C31: Mnth | D31: 7 | F31: =ROUND(D31*E31,2) -> 0
F32: =ROUND(D32*E32,2) -> 0
A33: =+A31+1 -> 22 | B33: Quantity Surveyor fee's | C33: Fixed/m2 | D33: 695 | F33: =ROUND(D33*E33,2) -> 0
B37: BUILDER'S WORK
B39: ="BILL NO "&A40 -> BILL NO 1
A40: 1 | B40: ALTERATIONS | C40: 874.40639 | D40: /m2 | E40: =SUM(F42:F53) -> 0
A41: =+A40+0.01 -> 1.01 | B41: BREAK OUT AND REMOVE
A42: =+A41+0.01 -> 1.02 | B42: Remove rubble | C42: m3 | D42: 7.63 | F42: =ROUND(D42*E42,2) -> 0
A43: =+A42+0.01 -> 1.03 | B43: Break out strip footing and fence base | C43: m3 | D43: 6 | F43: =ROUND(D43*E43,2) -> 0
A44: =+A43+0.01 -> 1.04 | B44: Break out reinforced surface bed 150mm thick | C44: m2 | D44: 63 | F44: =D44*E44 -> 0
A45: =+A44+0.01 -> 1.05 | B45: Hack together 75mm stone and remove | C45: m2 | D45: 92 | F45: =D45*E45 -> 0
A46: =+A45+0.01 -> 1.06 | B46: Break out vertical cladding and frame | C46: m2 | D46: 160 | F46: =D46*E46 -> 0
A47: =+A46+0.01 -> 1.07 | B47: Carefully remove existing barge flashing, store and re install in new position | C47: m | D47: 56 | F47: =D47*E47 -> 0
A48: =+A47+0.01 -> 1.08 | B48: Break out 200-250mm spotllight mass, 12m long and prepare for re-use | C48: No | D48: 1 | F48: =ROUND(D48*E48,2) -> 0
A49: =+A48+0.01 -> 1.09 | B49: Break out 175x75x20x3mm Lipped channel girder complete, 10.6m long average 100kg | C49: No | D49: 6 | F49: =ROUND(D49*E49,2) -> 0
A50: =+A49+0.01 -> 1.1 | B50: Break out 406x178x60 column, 6.7m long, complete with foot and topplate, average 450kg | C50: No | D50: 2 | F50: =ROUND(D50*E50,2) -> 0
A51: =+A50+0.01 -> 1.11 | B51: Break out single door and frame | C51: No | D51: 2 | F51: =ROUND(D51*E51,2) -> 0
A52: =+A51+0.01 -> 1.12 | B52: Carefully take out and store for re-installation
A53: =+A52+0.01 -> 1.13 | B53: Light fitting | C53: No | D53: 5 | F53: =ROUND(D53*E53,2) -> 0
B55: ="BILL NO "&A56 -> BILL NO 2
A56: =+A40+1 -> 2 | B56: PILING | C56: =+E56/$D$6 -> 0 | D56: /m2 | E56: =SUM(F58:F83) -> 0
A57: =+A56+0.01 -> 2.01 | B57: Rotary Air Flush Percussion drilling
A58: =+A57+0.01 -> 2.02 | B58: Establishment of Drilling Rig & Crew to Site | C58: sum | D58: 1 | F58: =ROUND(D58*E58,2) -> 0
A59: =+A58+0.01 -> 2.03 | B59: Drill Set Up on each Borehole Location | C59: each | D59: 84 | F59: =ROUND(D59*E59,2) -> 0
A60: =+A59+0.01 -> 2.04 | B60: Interhole Move of Drilling Equipment on same site | C60: bore | D60: 84 | F60: =ROUND(D60*E60,2) -> 0
A61: =+A60+0.01 -> 2.05 | B61: Inter Site Move - all equipment | C61: Site | D61: 1 | F61: =ROUND(D61*E61,2) -> 0
A62: =+A61+0.01 -> 2.06 | B62: Pilot Drilling Drilling 165mm | C62: m | D62: 1560 | F62: =ROUND(D62*E62,2) -> 0
A63: =+A62+0.01 -> 2.07 | B63: Reaming 165mm to 305mm | C63: m | D63: 720 | F63: =ROUND(D63*E63,2) -> 0
A64: =+A63+0.01 -> 2.08 | B64: Reaming 165mm to 444mm | C64: m | D64: 840 | F64: =ROUND(D64*E64,2) -> 0
A65: =+A64+0.01 -> 2.09 | B65: Recording of Borehole Verticality as per specification | C65: bore | D65: 84 | F65: =ROUND(D65*E65,2) -> 0
A66: =+A65+0.01 -> 2.1 | B66: Casing Installation, Welding & Alignment | C66: hr | D66: 110 | F66: =ROUND(D66*E66,2) -> 0
A67: =+A66+0.01 -> 2.11 | B67: Drill Chip collection, bagging & Tagging | C67: bore | D67: 84 | F67: =ROUND(D67*E67,2) -> 0
A68: =+A67+0.01 -> 2.12 | B68: Drilling Penetration Recording - Pilot borehole | C68: bore | D68: 84 | F68: =ROUND(D68*E68,2) -> 0
A69: =+A68+0.01 -> 2.13 | B69: Borehole Drill Chip Clearing & dumping adjacent to site | C69: bore | D69: 84 | F69: =ROUND(D69*E69,2) -> 0
... A72: =+A71+0.01 -> 2.16 | B72: Qualified Surveyor - includes individual BH Reports | C72: day | D72: 26 | F72: =ROUND(D72*E72,2) -> 0
A73: =+A72+0.01 -> 2.17 | B73: Borehole completion reports - for each borehole | D73: 84 | F73: =ROUND(D73*E73,2) -> 0
A74: =+A73+0.01 -> 2.18 | B74: Collect from warehouse
A75: =+A74+0.01 -> 2.19 | B75: Collect shutering colar aproxamately 75kg, from warehouse, 1.5km from site | C75: No | D75: 48 | F75: =ROUND(D75*E75,2) -> 0
A76: =+A75+0.01 -> 2.2 | B76: Collect shutering colar aproxamately 100kg, from warehouse, 1.5km from site | C76: No | D76: 36 | F76: =ROUND(D76*E76,2) -> 0
A77: =+A76+0.01 -> 2.21 | B77: Collect steel bore hole casing aproxamately 1.2ton, from warehouse, 1.5km from site | C77: No | D77: 48 | F77: =ROUND(D77*E77,2) -> 0
A78: =+A77+0.01 -> 2.22 | B78: Collect steel bore hole casing aproxamately 1.6ton, from warehouse, 1.5km from site | C78: No | D78: 36 | F78: =ROUND(D78*E78,2) -> 0
A79: =+A78+0.01 -> 2.23 | B79: Placement or rigging
A80: =+A79+0.01 -> 2.24 | B80: Detail metholodogy statement of executing construction and installation | C80: Item | D80: 1 | F80: =ROUND(D80*E80,2) -> 0
A81: =+A80+0.01 -> 2.25 | B81: FIRE CEMENT CASING
A82: =+A81+0.01 -> 2.26 | B82: 200mm Diameter x9mm Nutec fibre cement casing | C82: m | D82: 965 | F82: =ROUND(D82*E82,2) -> 0
A83: =+A82+0.01 -> 2.27 | B83: 300mm Diameter x9mm Nutec fibre cement casing | C83: m | D83: 724 | F83: =ROUND(D83*E83,2) -> 0
B85: ="BILL NO "&A86 -> BILL NO 3
A86: =+A56+1 -> 3 | B86: FOUNDATIONS (PROVISIONAL) | C86: =+E86/$D$6 -> 0 | D86: /m2 | E86: =SUM(F87:F133) -> 0
A87: =+A86+0.01 -> 3.01 | B87: SITE CLEARANCE, ETC.
A88: =+A87+0.01 -> 3.02 | B88: Digging up and spread anf level within 250m rubbish, debris, vegetation, hedges, shrubs and trees not exceeding 200mm girth, bush, etc. | C88: m2 | D88: 1500 | F88: =ROUND(D88*E88,2) -> 0
A89: =+A88+0.01 -> 3.03 | B89: Dig up and spread and level on site within 250m 200mm topsoil with vegetation | C89: m2 | D89: 1500 | F89: =ROUND(D89*E89,2) -> 0
A90: =+A89+0.01 -> 3.04 | B90: Take out and remove tree with trunk exceeding 200mm and not exceeding 500mm girth measured one meter above ground level including dry earth filling, watered and rammed | C90: No | D90: 15 | F90: =ROUND(D90*E90,2) -> 0
A91: =+A90+0.01 -> 3.05 | B91: Take out and remove tree with trunk exceeding 500mm and not exceeding 1000mm girth measured one meter above ground level including dry earth filling, watered and rammed | C91: No | D91: 5 | F91: =ROUND(D91*E91,2) -> 0
A92: =+A91+0.01 -> 3.06 | B92: EXCAVATION, ETC.
A93: =+A92+0.01 -> 3.07 | B93: Mass excavations in earth not exceeding 2m deep (Allow for bulking) | C93: m3 | D93: 200 | F93: =ROUND(D93*E93,2) -> 0
A94: =+A93+0.01 -> 3.08 | B94: Excavate in earth for trenches not exceeding 2m deep, wet trenches and compact | C94: m3 | D94: 309 | F94: =ROUND(D94*E94,2) -> 0
A95: =+A94+0.01 -> 3.09 | B95: E. o. excavation in mass, strip, etc. in ground for excavation in soft rock | C95: m3 | D95: 10 | F95: =ROUND(D95*E95,2) -> 0
A96: =+A95+0.01 -> 3.1 | B96: E. o. excavation in mass, strip, etc. in ground for excavation in hard rock | C96: m3 | D96: 3 | F96: =ROUND(D96*E96,2) -> 0
A97: =+A96+0.01 -> 3.11 | B97: Spread and level excavated material over site | C97: m3 | D97: 89 | F97: =ROUND(D97*E97,2) -> 0
A98: =+A97+0.01 -> 3.12 | B98: E.o. excavations for carting away and spread and level surplus material from excavations and/or stockpiles on site to a dumping site located on the property whithin 2 km, including bulking. | C98: m3 | D98: 421 | F98: =ROUND(D98*E98,2) -> 0
A99: =+A98+0.01 -> 3.13 | B99: Risk of collapse of excavations to sides of trench and hole excavations not exceeding 1.5m deep | C99: m2 | D99: 62 | F99: =ROUND(D99*E99,2) -> 0
A100: =+A99+0.01 -> 3.14 | B100: Rib up and scarify and compact to 95% MOD AASHTO density | C100: m2 | D100: 354 | F100: =ROUND(D100*E100,2) -> 0
A101: =+A100+0.01 -> 3.15 | B101: Keep excavations free from water | C101: Item | D101: 1 | F101: =ROUND(D101*E101,2) -> 0
A102: =+A101+0.01 -> 3.16 | B102: SOIL POISONING
A103: =+A102+0.01 -> 3.17 | B103: Ant proofing under surface bed | C103: m2 | D103: 354 | F103: =ROUND(D103*E103,2) -> 0
A104: =+A103+0.01 -> 3.18 | B104: CONCRETE
A105: =+A104+0.01 -> 3.19 | B105: UNREINFORCED CONCRETE CAST AGAINST EXCAVATED SURFACES
A106: =+A105+0.01 -> 3.2 | B106: 25 MPa/19 mm concrete
A107: =+A106+0.01 -> 3.21 | B107: 25 Mpa/19 stone concrete in bllinding | C107: m3 | D107: 49 | F107: =ROUND(D107*E107,2) -> 0
A108: =+A107+0.01 -> 3.22 | B108: REINFORCED CONCRETE CAST AGAINST EXCAVATED SURFACES
A109: =+A108+0.01 -> 3.23 | B109: 25 MPa/19 mm High Density magnetitie concrete - including 5% excavated surfaces and soft rock, 10% on % hard rock. (Provisional)
A110: =+A109+0.01 -> 3.24 | B110: 25 Mpa mass concrete in surface beds on waterproofing | C110: m3 | D110: 261 | F110: =ROUND(D110*E110,2) -> 0
A111: =+A110+0.01 -> 3.25 | B111: REINFORCED CONCRETE
A112: =+A111+0.01 -> 3.26 | B112: 25 MPa/19 mm concrete
A113: =+A112+0.01 -> 3.27 | B113: Concrete Sundries
A114: =+A113+0.01 -> 3.28 | B114: Concrete pump establishment | C114: No | D114: 4 | F114: =ROUND(D114*E114,2) -> 0
A115: =+A114+0.01 -> 3.29 | B115: Making and testing set of three 150x150x150 concrete strength test cube (provisional) | C115: No | D115: 4 | F115: =ROUND(D115*E115,2) -> 0
A116: =+A115+0.01 -> 3.3 | B116: Concrete pump cost | C116: m3 | D116: 261 | F116: =ROUND(D116*E116,2) -> 0
...

Sheet Reconciliation
B1: =+'Bills of Quantities'!A1 -> THABANA PIPE STORE BUILDING EXTENSION
B2: =+'Bills of Quantities'!F1 -> 45520
B4: RECONCILIATION
B5: AREA | C5: =+'Bills of Quantities'!D6 -> 695 | D5: m2
D6: Rate/m2
A7: A | B7: ESTIMATE | C7: =+'Bills of Quantities'!F311 -> 693231.5 | D7: =C7/$C$5 -> 997.4554
A8: 1 | C8: 0 | D8: =C8/$C$5 -> 0
A9: =+A8+1 -> 2
A10: =+A9+1 -> 3
A11: =+A10+1 -> 4
A12: =+A11+1 -> 5
B18: Sundry | C18: =ROUND(C19-SUM(C7:C17),0) -> 0 | D18: =C18/$C$5 -> 0
B19: TOTAL | C19: =+'Bills of Quantities'!F311 -> 693231.5 | D19: =C19/$C$5 -> 997.4554

Sheet frm
B1: FORM OF TENDER
B3: PROJECT:
B4: =+'Bills of Quantities'!A1 -> THABANA PIPE STORE BUILDING EXTENSION
A7: D | B7: TENDERER'S SELECTION
A9: 11 | B9: Securities
D10: Obligation | E10: y/n ?
A12: 11.1.2 | B12: Guarantee for Construction (variable) | D12: If specified, contractor's choice
A15: 11.1.3 | B15: or Guarantee for Construction (fixed) | D15: If specified, contractor's choice
B18: Retention 5% to maximum of 5%, 2.5% on practical Completion
A21: 11.1.4 | B21: Guarantee for Advance Payment | D21: Provided by the contractor | E21: No
B22: (where the contractor requests the employer to pay an advance for materials and goods)
B24: Purpose
B25: Currency | D25: Amount
A27: 11.4 | B27: Guarantee for Payment | D27: Provided by the employer
B29: Currency | D29: Amount
A32: 19 | B32: Contractor's holiday periods during the construction period ?
D34: from | E34: until
B35: Contractor's annual holiday period - year 1
B36: Contractor's 'other' holiday period - year 1
B37: Contractor's annual holiday period - year 2
B38: Contractor's 'other' holiday period - year 2
B39: Contractor's annual holiday period - year 3
B40: Contractor's 'other' holiday period - year 3
A43: 26 | B43: Payment / Adjustment of Preliminaries
B46: Payment of preliminaries
A47: Option A | B47: Assessed by principal agent, an amount pro rated to the value of the works executed in the same ratio as the preliminaries to the contract sum, (including tax); shall exclude the amount of preliminaries, all contingency sum(s) and any allowance for CPAP
B49: OR…
A50: Option B | B50: An amount agreed by the principal agent and the contractor in terms of the Bills of Quantities or the priced document to identify an initial establishment charge / a monthly charge / and a final disestablishment charge
B52: Where the contractor does not indicate option 'A' or option 'B' - option 'A' shall apply
B54: Adjustment of preliminaries [26.9.4]
A55: Option A | B55: For the adjustment of preliminaries both the contract sum and the contract value (including tax) shall exclude the amount of preliminaries, all contingency sum(s) and any provision for Cost Price Adjustment Provisions:-
B58: ~ An amount which shall not be varied
B59: ~ An amount varied in proportion to the contract value as compared to the contract sum
B60: ~ An amount varied in proportion to the construction period as compared to the initial construction period (excluding revisions to the construction period to which the contractor is not entitled) to adjustment of the contract value in terms of the agreement
B64: The contractor shall provide a breakdown of charges (including tax) within 15 working days of the date of acceptance of tender and, where applicable, an apportionment of preliminaries per section
B67: Where such information is not provided the following subdivision shall be deemed to apply:
B68: ~ 10% of the amount shall not be varied
B69: ~ 15% varied in proportion of the contract value to the contract sum
B70: ~ 75% varied in proportion to the revised construction period compared to the initial construction period
B72: OR…
A73: Option B | B73: The contractor shall within 15 working days of the date of possession of the site provide the principal agent with a detailed breakdown of preliminaries amounts for the works as a whole, or per section where applicable, including administrative and supervisory staff charges and for the use of construction equipment in terms of the programme
A75: NOTES
A76: 1 | B76: By submission of this tender to the employer the tenderer offers and agrees to execute and complete the works and remedy any defects in conformity with the specification for the tender sum stated - to be paid in instalments as work is completed
A79: 2 | B79: The tender shall remain in full legal force for forty five (45) Calander days from the closing date of the tender. The tenderer accepts liability for damages that may be suffered by the employer should the tender validity period not be honoured
A82: 3 | B82: The lowest or any offer will not necessarily be accepted by the employer - nor need reasons be given for such a division
A84: 4 | B84: Any provision in this agreement that may confer any benefit or right in favour of any subcontractor shall be binding on the parties and be capable of acceptance by such subcontractor at any time
A86: 5 | B86: Annexures…marked
A87: 6 | B87: Supply references and numbers of three clients and three suppliers
B89: TENDER SUM COMPILATION
D91: Currency | E91: Amount
B92: Tenderer's work excluding tax | D92: R
B94: Tax…at percentage | D94: 0.15
B96: Total TENDER SUM inclusive of tax | D96: R | E96: =SUM(E91:E95) -> 0
B98: Tender sum in words
A103: Capacity | B103: TENDERER | C103: who, by its SIGNATURE warrants authority thereto | D103: Date | E103: Location
A107: Capacity | B107: WITNESS | C107: SIGNATURE | D107: Date | E107: Location
B110: TENDERER'S DETAILS
B112: Name
B113: Businesses: public co.
B114: Business register. no. | D114: VAT/GST
B115: Contact person | D115: Mobile
B116: E-mail
B117: Registered str. Address
B118: Postal address
D119: Code
B120: Telephone
